 Dungeon Crawl Stone Soup version 0.30-a0-948-g4fa250aae5 (webtiles) character file.

Game seed: 11165785500491602655

4615 NinjaNoafa the Thaumaturge (level 10, -13/65 HPs)
             Began as a Demonspawn Conjurer on Mar 26, 2023.
             Killed by an exploding orc wizard (21 damage)
             ... ignited by their inner flame
             ... on level 9 of the Dungeon.
             The game lasted 00:19:38 (4715 turns).

NinjaNoafa the Thaumaturge (Demonspawn Conjurer)    Turns: 4715, Time: 00:19:38

Health: -13/65     AC: 20    Str:  7    XL:     10   Next: 19%
Magic:  4/23       EV: 11    Int: 23    God:
Gold:   410        SH:  5    Dex: 13    Spells: 21/28 levels left

rFire   . . .      SeeInvis .    p - staff of conjuration
rCold   . . .      Faith    .    C - +0 buckler
rNeg    . . .      Spirit   .    M - +0 steam dragon scales
rPois   .          Reflect  .    (no helmet)
rElec   .          Rampage  .    n - +2 cloak
rCorr   .                        I - +0 pair of gloves
Will    .....                    (no boots)
Stlth   ++                       (no amulet)
HPRegen 0.30/turn                j - +4 ring of protection
MPRegen 0.18/turn                w - +4 ring of protection

@: weak-willed
A: molten scales 2, spiny 1, demonic touch 2
a: no special abilities


You were on level 9 of the Dungeon.
You visited 1 branch of the dungeon, and saw 9 of its levels.

You collected 410 gold pieces.

Inventory:

Hand Weapons
 t - a +0 dagger of pain
Missiles
 f - 5 javelins
 h - 2 throwing nets
 D - 9 boomerangs
Armour
 n - a +2 cloak (worn)
 C - a +0 buckler (worn)
 G - a +2 kite shield
 I - a +0 pair of gloves (worn)
 M - +0 steam dragon scales (worn)
Magical Staves
 o - a staff of death
 p - a staff of conjuration (weapon)
 A - a staff of cold
Jewellery
 j - a +4 ring of protection (left hand)
 q - a ring of poison resistance
 w - a +4 ring of protection (right hand)
 B - a ring of protection from cold
 F - a ring of resist corrosion
Wands
 y - a wand of paralysis (13)
 E - a wand of polymorph (5)
Scrolls
 a - a scroll of poison
 e - 2 scrolls of enchant weapon
 g - 3 scrolls of fog
 k - 2 scrolls of fear
 l - 3 scrolls of teleportation
 z - a scroll of enchant armour {unknown}
 H - a scroll of torment {unknown}
 J - a scroll of noise {unknown}
 L - a scroll of magic mapping
Potions
 d - 2 potions of might
 i - 2 potions of attraction
 u - 3 potions of curing
 v - a potion of lignification
 x - 3 potions of ambrosia
 K - a potion of brilliance


   Skills:
 - Level 1.0 Fighting
 - Level 1.7 Dodging
 - Level 1.7 Stealth
 - Level 4.0 Shields
 + Level 9.8 Spellcasting
 - Level 7.0 Conjurations
 - Level 7.0 Translocations


You had 21 spell levels left.
You knew the following spells:

 Your Spells              Type           Power      Damage    Failure   Level
a - Magic Dart            Conj           100%       1d8       1%          1
b - Searing Ray           Conj           100%       2d8       1%          2
c - Iskenderun's Mystic   Conj/Tloc      60%        2d13      4%          4

Your spell library contained the following spells:

 Spells                   Type           Power      Damage    Failure   Level
 Dazzling Flash           Conj/Hex       82%        N/A       5%          3
 Portal Projectile        Hex/Tloc       54%        N/A       5%          3
 Beastly Appendage        Tmut           22%        N/A       8%          1
 Ensorcelled Hibernation  Hex/Ice        22%        N/A       11%         2
 Passwall                 Tmut/Erth      9%         N/A       11%         2
 Wereblood                Tmut           11%        N/A       11%         2
 Flame Wave               Conj/Fire      41%        2d11      17%         4
 Fulminant Prism          Conj/Hex       20%        3d12      17%         4
 Sticky Flame             Conj/Fire      41%        2d6       17%         4
 Call Canine Familiar     Summ           11%        N/A       22%         3
 Inner Flame              Hex/Fire       11%        N/A       22%         3
 Spider Form              Tmut/Pois      11%        N/A       22%         3
 Swiftness                Air            11%        N/A       22%         3
 Summon Forest            Summ/Tloc      13%        N/A       43%         5
 Leda's Liquefaction      Hex/Erth       5%         N/A       58%         4
 Eringya's Noxious Bog    Tmut/Pois      5%         N/A       100%        6
 Summon Hydra             Summ           5%         N/A       100%        7


Dungeon Overview and Level Annotations

Branches:
Dungeon (9/15)               Lair (0/5) D:9
 Temple: D:4-7          Orc: D:9-12

Altars:
Kikubaaqudgha
Makhleb


Innate Abilities, Weirdness & Mutations

You are mostly covered in molten scales. (AC +3)
You are partially covered in sharp spines.
Your touch may inflict irresistible damage on your foes.


Message History

* * * LOW HITPOINT WARNING * * *
An orc comes into view. It is wielding a +0 short sword.
You block the orc's attack. The orc closely misses you.
Okay, then.
You block the orc wizard's attack.
Unknown command.
Unknown command.
The orc attacks as you move away! You block the orc's attack.
The orc shouts!
The orc is struck by your spines. The orc hits you but does no damage.
The orc wizard gestures at you while chanting.
The magic dart hits you but does no damage.
The orc wizard gestures wildly while chanting.
The orc wizard flickers and vanishes!
Deactivating autopickup; reactivate with Ctrl-A.
The orc is struck by your spines. The orc closely misses you.
As you read the scroll labelled YKIHYS GENTI, it crumbles to dust.
Magic quickly surges around you.
It was a scroll of vulnerability.
The orc closely misses you. The orc attacks as you move away!
You block the orc's attack.
As you read the scroll labelled DUM DYWNUX TUG, it crumbles to dust.
The creatures around you are filled with an inner flame!
It was a scroll of immolation.
You block the orc's attack. The orc misses you.
The orc is struck by your spines.
Flame seeps out of the orc.
The orc hits you but does no damage. The orc attacks as you move away!
You block the orc's attack.
The orc is engulfed in blazing flames.
The orc appears confused.
The orc explodes!
The fiery explosion engulfs you!
* * * LOW HITPOINT WARNING * * *
The fiery explosion engulfs the orc!!
The fiery explosion engulfs the orc!!!
The orc explodes!
The fiery explosion engulfs the orc!!
The fiery explosion engulfs something!!
Reactivating autopickup.
You feel a bit more experienced. The fiery explosion engulfs you!
* * * LOW HITPOINT WARNING * * *
The orc wizard explodes!
The fiery explosion engulfs you!!
You die...

##...####..####
##...####.....#
#............##
#............#
#............#
#.....>......#
#............#
##.....##....#
#.§@§.##....# ..
#§§§○......######
...##§§§§§.....##...##
.......zz.......#....#
........z.......#....#
.......z........#....#
...............##...##
...##.....##..†###'###
... #.....##..[......#


You could see 4 skeletal warriors.

Vanquished Creatures
  Prince Ribbit (D:5)
  5 yaks (D:9)
  5 wyverns
  Menkaure (D:7)
  2 steam dragons
  2 water moccasins (D:9)
  4 black bears
  An ice beast (D:5)
  2 ogres
  2 centaurs (D:5)
  A phantom (D:6)
  3 bullfrogs
  A gnoll sergeant (D:5)
  3 wights (D:9)
  6 scorpions
  4 killer bees (D:9)
  A jelly (D:6)
  A hound (D:6)
  An orc priest (D:5)
  3 iguanas
  7 orc wizards
  8 gnolls
  7 adders
  3 worms
  2 dart slugs
  31 orcs
  4 ball pythons
  6 endoplasms
  2 giant cockroaches (D:4)
  10 goblins
  5 hobgoblins
  11 jackals
  4 kobolds
  2 quokkas
  A bat (D:1)
  A frilled lizard (D:3)
  7 rats
160 creatures vanquished.

Vanquished Creatures (others)
  7 plants (D:9)
7 creatures vanquished.

Grand Total: 167 creatures vanquished

Notes
Turn   | Place    | Note
-------+----------+-------------------------------------------
     0 | D:1      | NinjaNoafa the Demonspawn Conjurer began the quest for the
                  | Orb.
     0 | D:1      | Reached XP level 1. HP: 13/13 MP: 3/3
   401 | D:1      | Gained mutation: Your touch may inflict minor irresistible
                  | damage on your foes. [demonic ancestry]
   401 | D:1      | Reached XP level 2. HP: 19/19 MP: 3/5
   513 | D:1      | Learned a level 2 spell: Searing Ray
   835 | D:2      | Reached skill level 5 in Conjurations
   915 | D:2      | Gained mutation: You are partially covered in sharp spines.
                  | [demonic ancestry]
   915 | D:2      | Reached XP level 3. HP: 24/24 MP: 3/6
  1340 | D:2      | Reached skill level 3 in Spellcasting
  1340 | D:2      | Gained mutation: Your touch may inflict irresistible damage
                  | on your foes. [demonic ancestry]
  1340 | D:2      | Reached XP level 4. HP: 20/30 MP: 3/8
  1614 | D:3      | Reached skill level 1 in Fighting
  1663 | D:3      | Reached XP level 5. HP: 20/37 MP: 2/10
  1912 | D:3      | Reached skill level 4 in Spellcasting
  2344 | D:4      | Reached skill level 5 in Spellcasting
  2344 | D:4      | Reached XP level 6. HP: 33/43 MP: 9/13
  2706 | D:4      | Noticed a steam dragon
  2715 | D:4      | Killed a steam dragon
  2880 | D:5      | Entered Level 5 of the Dungeon
  2884 | D:5      | Reached skill level 6 in Spellcasting
  2902 | D:5      | Reached skill level 1 in Shields
  2902 | D:5      | Gained mutation: You are partially covered in molten
                  | scales. (AC +2) [demonic ancestry]
  2902 | D:5      | Reached XP level 7. HP: 47/48 MP: 6/16
  3085 | D:5      | Reached skill level 7 in Spellcasting
  3227 | D:5      | Gained mutation: You are mostly covered in molten scales.
                  | (AC +3) [demonic ancestry]
  3227 | D:5      | Reached XP level 8. HP: 38/54 MP: 9/18
  3295 | D:5      | Noticed Prince Ribbit
  3304 | D:5      | Killed Prince Ribbit
  3885 | D:6      | Reached skill level 5 in Translocations
  3890 | D:6      | Learned a level 4 spell: Iskenderun's Mystic Blast
  4137 | D:6      | Found an ancient bone altar of Kikubaaqudgha.
  4281 | D:7      | Noticed Menkaure
  4284 | D:7      | Killed Menkaure
  4289 | D:7      | Reached XP level 9. HP: 58/59 MP: 10/20
  4505 | D:7      | You fall into a shaft and drop 2 floors!
  4540 | D:9      | Reached skill level 8 in Spellcasting
  4580 | D:9      | Found a staircase to the Lair.
  4591 | D:9      | Reached skill level 9 in Spellcasting
  4591 | D:9      | Reached XP level 10. HP: 63/65 MP: 0/23
  4641 | D:8      | Noticed a skeletal warrior
  4641 | D:8      | Noticed a skeletal warrior
  4641 | D:8      | Noticed a skeletal warrior
  4641 | D:8      | Noticed a skeletal warrior
  4641 | D:8      | Noticed a skeletal warrior
  4693 | D:9      | Found a burning altar of Makhleb.
  4693 | D:9      | Noticed a balrug
  4715 | D:9      | Killed by an exploding orc wizard... ignited by their inner
                  | flame

Illustrated notes

Levels and vault maps discovered:
D:1:      heliophobic_arrival_dark_side_of_the_moon, layout_basic
D:2:      layout_loops_ring
D:3:      layout_basic, minmay_curled_crystal
D:4:      layout_basic
D:5:      layout_loops_ring, uniq_prince_ribbit1
D:6:      layout_rooms, mainiacjoe_overflow_brackets
D:7:      layout_loops_cross, temple_fountains, amcnicky_mini_pool_small,
          uniq_menkaure
D:8:      hellmonk_crumbling_castle, layout_loops_cross,
          nicolae_tso_carved_into_rock
D:9:      layout_gridville, makhleb_altar_promises_db,
          nicolae_dithmenos_shadow_blocks, minmay_lair_entry_grove

Skill      XL: |  1  2  3  4  5  6  7  8  9 |
---------------+----------------------------+-----
Conjurations   | 5 7 |  7.0
Spellcasting   | 3 5 6 7 9 |  9.8
Fighting       | 1 |  1.0
Shields        | 1 4 |  4.0
Translocations | 5 7 |  7.0
Dodging        | |  1.7
Stealth        | |  1.7

Action                     |  1- 3 |  4- 6 |  7- 9 | 10-12 || total
---------------------------+-------+-------+-------+-------++-------
  Melee: Unarmed           |    13 |       |       |       ||    13
         Dagger            |    26 |    21 |       |       ||    47
         Touch             |     9 |     8 |       |       ||    17
         Staff             |     4 |    30 |    19 |       ||    53
   Cast: Magic Dart        |    28 |    27 |    13 |       ||    68
         Searing Ray       |     4 |    21 |    35 |     2 ||    62
         Iskenderun's Myst |       |       |    12 |     8 ||    20
    Use: Scroll            |       |       |       |    16 ||    16
         Potion            |       |       |       |     1 ||     1
   Stab: Sleeping          |     1 |       |       |       ||     1
 Armour: Robe              |     9 |    42 |    40 |       ||    91
         Steam dragon scal |       |       |     2 |     9 ||    11
  Dodge: Dodged            |    41 |    49 |    52 |    15 ||   157
  Block: Buckler           |       |     2 |    24 |    13 ||    39

Table legend: (Time is in decaauts)
 A = Elapsed time spent in this place.
 B = Non-inter-level travel time spent in this place.
 C = Inter-level travel time spent in this place.
 D = Time resting spent in this place.
 E = Time spent auto-exploring this place.
 F = Levels seen in this place.
 G = Mean time per level.
                   A        B        C        D        E       F      G
               +--------+--------+--------+--------+--------+-----+--------+
         Total |   4719 |   4533 |    186 |      0 |   3212 |   9 |  524.3 |
       Dungeon |   4719 |   4533 |    186 |      0 |   3212 |   9 |  524.3 |
               +--------+--------+--------+--------+--------+-----+--------+

Top non-repeatable levels by time:
     D:5: 795 daAuts
     D:1: 782 daAuts
     D:3: 734 daAuts
     D:2: 684 daAuts
     D:4: 679 daAuts
     D:6: 566 daAuts
     D:7: 266 daAuts
     D:9: 208 daAuts
     D:8: 1 daAuts
